 Dungeon Crawl Stone Soup version 0.29-a0-721-g7f417c9bbb (webtiles) character file.

Game seed: 11876253603720086550

72 hquester1 the Trooper (level 4, 0/40 HPs)
             Began as a Minotaur Fighter on June 27, 2022.
             Slain by an orc wizard
             ... wielding a +0 dagger
              (2 damage)
             ... on level 2 of the Dungeon.
             The game lasted 00:02:41 (1436 turns).

hquester1 the Trooper (Minotaur Fighter)            Turns: 1436, Time: 00:02:41

Health: 0/40       AC:  8    Str: 18 (21) XL:     4   Next: 6%
Magic:  3/3        EV:  9    Int:  2 (5)  God:
Gold:   79         SH:  4    Dex:  9 (11) Spells: 3/3 levels left

rFire   . . .      SeeInvis .   a - +0 flail
rCold   . . .      Faith    .   c - +0 buckler
rNeg    . . .      Spirit   .   b - +0 scale mail
rPois   .          Reflect  .   (helmet restricted)
rElec   .          Harm     .   k - +0 cloak
rCorr   .          Rampage  .   (no gloves)
Will    .....                   (no boots)
Stlth   ..........              (no amulet)
HPRegen 0.13/turn               (no ring)
MPRegen 0.08/turn               (no ring)

@: no status effects
A: horns 2, retaliatory headbutt
a: no special abilities


You were on level 2 of the Dungeon.
You visited 1 branch of the dungeon, and saw 2 of its levels.

You collected 79 gold pieces.

Inventory:

Hand Weapons
 a - a +0 flail (weapon)
Armour
 b - a +0 scale mail (worn)
 c - a +0 buckler (worn)
 k - a +0 cloak (worn)
Scrolls
 f - a scroll of fear {unknown}
 g - a scroll of immolation {unknown}
 j - a scroll of teleportation {unknown}
 l - a scroll of enchant weapon {unknown}
Potions
 d - a potion of might
 e - a potion of degeneration
 h - a potion of haste {unknown}
 i - a potion of resistance {unknown}


   Skills:
 + Level 4.2 Fighting
 + Level 3.2 Maces & Flails
 + Level 4.2 Armour
 + Level 1.2 Dodging
 + Level 4.2 Shields


You had 3 spell levels left.
You didn't know any spells.
Your spell library was empty.

Dungeon Overview and Level Annotations

Branches:
Dungeon (2/15)

Altars:


Innate Abilities, Weirdness & Mutations

You have a pair of horns on your head.
You reflexively headbutt those who attack you in melee.


Message History

You closely miss the orc wizard.
The orc wizard gestures at you while chanting.
The puff of flame hits you.
You barely miss the orc wizard.
The orc priest shouts!
You headbutt the orc wizard, but do no damage.
The orc wizard casts a spell.
The orc wizard flickers and vanishes!
Deactivating autopickup; reactivate with Ctrl-A.
You closely miss something. Your headbutt misses something.
Something hits you but does no damage. x2
You closely miss something. Something hits you but does no damage.
You barely miss something. Something hits you but does no damage.
The orc priest invokes the aid of Beogh against you.
Beogh smites you!
* * * LOW HITPOINT WARNING * * *
You barely miss something. Your headbutt misses something.
You block something's attack.
The orc priest casts a cantrip, but nothing happens.
Something hits you but does no damage.
The orc priest invokes the aid of Beogh against you.
Something writhes in agony!
You miss something.
The orc priest looks braver for a moment.
Something hits you.
* * * LOW HITPOINT WARNING * * *
You closely miss something. Something hits you but does no damage.
The orc priest casts a cantrip, but nothing happens.
You barely miss something. Your headbutt misses something.
Something hits you but does no damage.
You hear some strange, mumbled words.
A puff of flame appears from out of thin air!
The puff of flame hits you!
* * * LOW HITPOINT WARNING * * *
The orc priest looks braver for a moment.
It was a potion of degeneration.
There was something very wrong with that liquid.
You feel weakened.
You feel dopey.
You feel clumsy. Something hits you.
You die...

#...#######..#.##
#..###$oo###.#..#
#..##.....##.##†#
#..#.......#.##.##
########..#.8...8.#.##..#
#.........#.......#.###.#
#.#######.#.......#.###.##
#.# #.#..o....#.......
########'##
#@#.8.o.8.#..###..
..........#
#{#.......#....<..
..........#
#o)..o..........#.
..........#
#####......######.
..........# #......# .
..........# #####....# .
..........# #.....)..# #
..######'## #........# ..#
#.# #.....####


You could see an orc priest.

Vanquished Creatures
  An orc priest (D:2)
  A dart slug (D:1)
  3 orcs (D:2)
  2 endoplasms (D:1)
  2 giant cockroaches (D:1)
  A goblin (D:2)
  5 hobgoblins (D:1)
  3 quokkas
  5 ball pythons
  3 bats (D:1)
  4 frilled lizards
  4 kobolds (D:1)
  A rat (D:1)
35 creatures vanquished.

Notes
Turn   | Place    | Note
-------+----------+-------------------------------------------
     0 | D:1      | hquester1 the Minotaur Fighter began the quest for the Orb.
     0 | D:1      | Reached XP level 1. HP: 19/19 MP: 0/0
   206 | D:1      | Reached XP level 2. HP: 27/27 MP: 1/1
   747 | D:1      | Reached XP level 3. HP: 32/33 MP: 2/2
  1426 | D:2      | Reached skill level 1 in Dodging
  1426 | D:2      | Reached XP level 4. HP: 29/40 MP: 3/3
  1435 | D:2      | HP: 2/40 [something/puff of flame (10)]
  1436 | D:2      | Slain by an orc wizard

Illustrated notes

Levels and vault maps discovered:
D:1:      wander_arrival_desolate, layout_basic
D:2:      cheibrodos_pilgrimage, layout_basic,
          shapermc_ecumenical_altar_acropolis, grunt_decor_one_mirror,
          minmay_rat_gold_closets, uniq_crazy_yiuf_cottage

Skill      XL: |  1  2  3 |
---------------+----------+-----
Shields        | 4 |  4.2
Armour         | 4 |  4.2
Fighting       | 4 |  4.2
Maces & Flails | 3 |  3.2
Dodging        | 1 |  1.2

Action                   |  1- 3 |  4- 6 || total
-------------------------+-------+-------++-------
Melee: Flail             |    89 |    10 ||    99
       Headbutt          |     8 |     1 ||     9
  Use: Potion            |       |     1 ||     1
Armor: Scale mail        |    50 |     7 ||    57
Dodge: Dodged            |    35 |     1 ||    36
Block: Buckler           |    16 |     1 ||    17

Table legend: (Time is in decaauts)
 A = Elapsed time spent in this place.
 B = Non-inter-level travel time spent in this place.
 C = Inter-level travel time spent in this place.
 D = Time resting spent in this place.
 E = Time spent auto-exploring this place.
 F = Levels seen in this place.
 G = Mean time per level.
                   A        B        C        D        E       F      G
               +--------+--------+--------+--------+--------+-----+--------+
         Total |   1465 |   1433 |     32 |      0 |   1070 |   2 |  732.5 |
       Dungeon |   1465 |   1433 |     32 |      0 |   1070 |   2 |  732.5 |
               +--------+--------+--------+--------+--------+-----+--------+

Top non-repeatable levels by time:
     D:1: 1231 daAuts
     D:2: 233 daAuts
